 Dungeon Crawl Stone Soup version 0.31.0-32-g396128a36d (webtiles) character file.

Game seed: 12100118101441474229

4648 Silvore the Basher (level 10, -3/86 (88) HPs)
             Began as a Minotaur Fighter on Mar 10, 2024.
             Was a Priest of Zin.
             Slain by Maurice
             ... wielding a +3 spear
              (6 damage)
             ... on level 8 of the Dungeon.
             The game lasted 00:09:18 (7228 turns).

Silvore the Basher (Minotaur Fighter)               Turns: 7228, Time: 00:09:18

HP:   -3/86 (88)    AC: 10    Str: 26    XL:     10   Next: 20%
MP:   1/9           EV: 11    Int:  5    God:    Zin [***...]
Gold: 0             SH:  5    Dex:  9    Spells: 9/9 levels left

rFire   . . .        z - +5 flail (protect)
rCold   . . .        c - +0 buckler
rNeg    . . .        b - +0 scale mail
rPois   .            (helmet restricted)
rElec   .            (no cloak)
rCorr   .            A - +1 pair of gloves
SInv    .            (no boots)
Will    .....        (no amulet) Stlth
                     w - ring of flight
HPRegen 0.34/turn    (no ring)
MPRegen 0.11/turn

%: no passive effects
@: flying, lightly drained
A: horns 2, retaliatory headbutt
a: Renounce Religion, Recite, Vitalisation, Imprison, Donate Gold


You were on level 8 of the Dungeon.
You worshipped Zin.
Zin was most pleased with you.
You visited 2 branches of the dungeon, and saw 9 of its levels.
You also visited: Sewer.

You collected 178 gold pieces.
You donated 178 gold pieces to Zin.

Inventory:

Hand Weapons
 a - a +1 flail
 q - a +0 mace
 z - a +5 flail of protection (weapon)
Armour
 b - a +0 scale mail (worn)
 c - a +0 buckler (worn)
 A - a +1 pair of gloves (worn)
Jewellery
 o - a ring of wizardry
 w - a ring of flight (left hand)
 x - an amulet of magic regeneration
 F - a +6 ring of strength
Wands
 l - a wand of mindburst (8)
 p - a wand of roots (3)
 v - a wand of charming (13)
 B - a wand of quicksilver (19)
 C - a wand of flame (5)
 D - a wand of polymorph (19)
Scrolls
 e - a scroll of immolation
 k - 2 scrolls of poison
 s - a scroll of silence
 t - a scroll of fog
 y - 4 scrolls of teleportation
Potions
 d - 2 potions of might
 f - 8 potions of haste
 g - a potion of attraction {unknown}
 h - 2 potions of magic
 i - a potion of ambrosia {unknown}
 j - 3 potions of curing
 m - a potion of enlightenment {unknown}
 n - a potion of berserk rage {unknown}
 r - 2 potions of mutation
 E - a potion of cancellation {unknown}
 H - a potion of degeneration {unknown}
 K - a potion of lignification {unknown}


   Skills:
 + Level 8.1 Fighting
 + Level 11.4 Maces & Flails
 + Level 9.0 Armour
 + Level 4.5 Dodging
 + Level 2.2 Stealth
 + Level 7.0 Shields


You had 9 spell levels left.
You didn't know any spells.
Your spell library contained the following spells:

 Spells                   Type           Power      Damage    Failure   Level
 Blink                    Tloc           0%         N/A       88%         2
 Lesser Beckoning         Tloc           0%         N/A       88%         2
 Momentum Strike          Conj/Tloc      0%         3d8       88%         2
 Sublimation of Blood     Necr           0%         N/A       88%         2
 Dazzling Flash           Conj/Hex       0%         N/A       98%         3
 Mephitic Cloud           Conj/Alch/Air  0%         N/A       98%         3
 Stone Arrow              Conj/Erth      0%         3d7       98%         3
 Vampiric Draining        Necr           0%         2d6       98%         3
 Anguish                  Hex/Necr       0%         N/A       100%        4
 Animate Armour           Summ/Erth      0%         N/A       100%        4
 Curse of Agony           Necr           0%         N/A       100%        5
 Silence                  Hex/Air        0%         N/A       100%        5
 Lehudib's Crystal Spear  Conj/Erth      0%         10d2      100%        8


Dungeon Overview and Level Annotations

Branches:
Dungeon (8/15)             Temple (1/1) D:6           Sewer (visited)
   Lair: D:8-11

Altars:
Ashenzari
Cheibriados
Dithmenos
Gozag
Hepliaklqana
Kikubaaqudgha
Makhleb
Nemelex Xobeh
Okawaru
Qazlal
Ru
Sif Muna
Trog
Uskayaw
Vehumet
Wu Jian
Xom
Yredelemnul
Zin
The Shining One

Shops:
D:5 ?

Annotations:
D:8 Maurice


Innate Abilities, Weirdness & Mutations

You have a pair of horns on your head.
You reflexively headbutt those who attack you in melee.


Message History

* * * LOW HITPOINT WARNING * * *
You feel drained.
You sock the wight!
You destroy the wight!
Zin accepts your kill. Something hits you!
* * * LOW HITPOINT WARNING * * *
Something steals your throwing net! Something bites you.
* * * LOW HITPOINT WARNING * * *
You feel your power leaking away. Something drains your magic.
You bludgeon something!!
You hear a zap.
Something tries to affect you, but you resist.
You miss something. You headbutt something. Something hits you.
* * * LOW HITPOINT WARNING * * *
Something steals 220 gold pieces!
You now have 52 gold pieces.
Something bites you.
* * * LOW HITPOINT WARNING * * *
You feel your power leaking away. Something drains your magic.
You barely miss something. Your headbutt misses something. You miss something.
Your headbutt misses something. Something hits you but does no damage.
Something bites you.
* * * LOW HITPOINT WARNING * * *
You feel your power leaking away. Something drains your magic.
You feel better. Something hits you.
* * * LOW HITPOINT WARNING * * *
Something steals 52 gold pieces!
You now have 0 gold pieces.
Something bites you but does no damage.
You miss something. Your headbutt misses something. Something hits you.
* * * LOW HITPOINT WARNING * * *
Something grunts, "Curses!"
Something bites you but does no damage.
You completely miss something. Something hits you but does no damage.
Something bites you but does no damage.
You barely miss something. Something hits you but does no damage.
Something bites you.
You die...

# #.# #.# #.####.#
#.##### .^ ...#.#
#.....#
##..##.#.###.###.#
...z....[........#
.#.###.#######..#
#.#/# .# #.{)# #
####@# #..))#
#!...#..#
#.#.#.#.# # #.#..
#..### #.# ##


There were no monsters in sight!

Vanquished Creatures
  Maggie (D:6)
  Jeremiah (D:6)
  Sigmund (D:6)
  A steam dragon (D:8)
  Edmund (D:5)
  Pargi (Sewer)
  A water moccasin (D:4)
  2 orc warriors (D:6)
  An ice beast (D:6)
  2 sky beasts
  A black bear (D:6)
  4 ogres (D:6)
  5 centaurs (D:7)
  2 kobold brigands
  2 phantoms
  A bullfrog (D:7)
  A brain worm (Sewer)
  A gnoll sergeant (D:8)
  3 scorpions
  12 wights
  3 howler monkeys (D:5)
  2 jellies (D:7)
  2 orc priests
  A hound (D:5)
  A sleepcap (D:5)
  A gnoll bouda (D:7)
  Ijyb (D:3)
  Natasha (thrice) (D:3)
  Terence (D:3)
  6 orc wizards
  An iguana (D:5)
  6 gnolls
  2 river rats (D:6)
  9 adders
  A shadow imp (D:7)
  2 white imps
  3 dart slugs
  4 ribbon worms
  22 orcs
  8 endoplasms
  11 giant cockroaches
  12 goblins
  10 hobgoblins
  3 jackals (D:4)
  16 kobolds
  4 quokkas
  10 ball pythons
  6 bats
  5 frilled lizards
  5 rats
205 creatures vanquished.

Vanquished Creatures (others)
  An orc (D:8)
1 creature vanquished.

Grand Total: 206 creatures vanquished

Notes
Turn   | Place    | Note
-------+----------+-------------------------------------------
     0 | D:1      | Silvore the Minotaur Fighter began the quest for the Orb.
     0 | D:1      | Reached XP level 1. HP: 19/19 MP: 0/0
    74 | D:1      | Reached XP level 2. HP: 27/27 MP: 1/1
   175 | D:1      | Reached XP level 3. HP: 21/33 MP: 2/2
   845 | D:2      | Reached skill level 3 in Maces & Flails
   997 | D:2      | Reached XP level 4. HP: 34/41 MP: 3/3
  1213 | D:2      | Got the Parchment of Darkness
  1739 | D:3      | Noticed a scorpion
  1745 | D:3      | Killed a scorpion
  1746 | D:3      | Reached skill level 4 in Maces & Flails
  1746 | D:3      | Reached skill level 5 in Armour
  1746 | D:3      | Reached skill level 1 in Dodging
  1746 | D:3      | Reached XP level 5. HP: 40/47 MP: 4/4
  1941 | D:3      | Noticed Ijyb
  1951 | D:3      | Killed Ijyb
  1984 | D:3      | Noticed Terence
  1989 | D:3      | Killed Terence
  2000 | D:3      | Noticed Natasha
  2016 | D:3      | Killed Natasha
  2017 | D:3      | Reached XP level 6. HP: 22/53 MP: 5/5
  2125 | D:3      | Found a burning altar of Makhleb.
  2280 | D:3      | Found a faded altar of an unknown god.
  2284 | D:3      | Found a broken altar of Ashenzari.
  2297 | D:3      | Found an opulent altar of Gozag.
  2333 | D:3      | Found a shimmering altar of Xom.
  2536 | D:3      | Noticed a cacodemon
  2540 | D:3      | Noticed a hellwing
  2540 | D:3      | Noticed a neqoxec
  2550 | D:3      | Noticed Natasha
  2556 | D:3      | Killed Natasha
  2562 | D:3      | Reached skill level 5 in Maces & Flails
  2689 | D:3      | Noticed Natasha
  2695 | D:3      | Killed Natasha
  2713 | D:4      | Found a basalt altar of Yredelemnul.
  2949 | D:4      | Reached skill level 5 in Fighting
  3223 | D:4      | Reached XP level 7. HP: 59/61 MP: 6/6
  3327 | D:4      | Reached skill level 6 in Maces & Flails
  3451 | D:4      | Reached skill level 5 in Shields
  3641 | D:5      | Entered Level 5 of the Dungeon
  3801 | D:5      | Found Vikledyi's Magic Scroll Shop.
  3879 | D:5      | Reached skill level 1 in Stealth
  4019 | D:5      | Noticed Edmund
  4031 | D:5      | Killed Edmund
  4214 | D:5      | Reached XP level 8. HP: 68/69 MP: 7/7
  4455 | D:5      | Reached skill level 7 in Maces & Flails
  4618 | D:6      | Noticed Sigmund
  4634 | D:6      | Noticed Maggie
  4730 | D:6      | Found a glowing drain.
  4747 | Sewer    | Entered a sewer
  4860 | Sewer    | Noticed Pargi
  4869 | Sewer    | Killed Pargi
  4870 | Sewer    | Reached skill level 8 in Maces & Flails
  5199 | D:6      | Reached skill level 9 in Maces & Flails
  5199 | D:6      | Reached XP level 9. HP: 70/78 MP: 8/8
  5238 | D:6      | Killed Maggie
  5342 | D:6      | Noticed Jeremiah
  5354 | D:6      | Killed Jeremiah
  5466 | D:6      | Killed Sigmund
  5467 | D:6      | Reached skill level 10 in Maces & Flails
  5471 | D:6      | Found a staircase to the Ecumenical Temple.
  5484 | Temple   | Entered the Ecumenical Temple
  5493 | Temple   | Became a worshipper of Zin the Law-Giver
  5493 | Temple   | Reached * piety under Zin
  5494 | Temple   | Donated 133 gold pieces to Zin
  6372 | D:7      | Reached ** piety under Zin
  6553 | D:7      | Reached skill level 11 in Maces & Flails
  6574 | D:7      | Found a hide-covered altar of Uskayaw.
  6588 | D:7      | Found a snail-covered altar of Cheibriados.
  6630 | D:7      | Reached XP level 10. HP: 56/88 MP: 9/9
  6741 | D:7      | Reached *** piety under Zin
  7073 | D:7      | Found an ancient bone altar of Kikubaaqudgha.
  7187 | D:8      | Noticed Maurice
  7193 | D:8      | Something stole a ring of magical power
  7218 | D:8      | Something stole a +0 morningstar of protection
  7220 | D:8      | Something stole a throwing net
  7222 | D:8      | Something stole 220 gold
  7224 | D:8      | HP: 2/86 [something (3)]
  7225 | D:8      | Something stole 52 gold
  7228 | D:8      | Slain by Maurice

Illustrated notes

Levels and vault maps discovered:
D:1:      dpeg_arrival_stone_temple_mockup, layout_basic
D:2:      wander_river, layout_loops_cross, minmay_circle_x
D:3:      layout_rooms, lemuel_doored_altar, mainiacjoe_overflow_alcove_2,
          nicolae_overflow_ecumenical_swirl, makhleb_altar_promises_db,
          serial_corexii_hall, corexii_hall_statues_t, chequers_hall_statues_y,
          chequers_hall_statues_corner_a, minmay_goblin_outpost, uniq_ijyb,
          uniq_natasha, uniq_terence
D:4:      layout_basic, mainiacjoe_overflow_concentric_impassable
D:5:      layout_basic, serial_shops, kennysheep_mini_moat, uniq_edmund
D:6:      layout_basic, minmay_temple_entry_glassed_door,
          mainiacjoe_sewer_entry_somewhere_in_here_2, uniq_maggie,
          uniq_jeremiah, uniq_sigmund
D:7:      nicolae_whirlpool, layout_basic, kennysheep_slug_shrine,
          kennysheep_mini, overflow_temple_1_default, kennysheep_small_spiral
D:8:      layout_loops_cross, elyvilon_altar_3, gammafunk_ghost_nasty_kobolds,
          minmay_shattered_shrine, uniq_prince_ribbit1, uniq_maurice
Temple:   nicolae_temple_bog_church

Skill      XL: |  1  2  3  4  5  6  7  8  9 10 |
---------------+-------------------------------+-----
Armour         | 4 5 7 8 9 |  9.0
Shields        | 4 5 6 7 |  7.0
Fighting       | 4 5 6 7 8 |  8.1
Maces & Flails | 3 4 5 6 9 11 | 11.4
Dodging        | 1 2 3 4 |  4.5
Stealth        | 1 2 |  2.2

Action                     |  1- 3 |  4- 6 |  7- 9 | 10-12 || total
---------------------------+-------+-------+-------+-------++-------
  Melee: Flail             |    84 |    65 |   212 |    59 ||   420
         Headbutt          |    14 |    18 |    44 |     9 ||    85
         Mace              |       |    72 |    71 |       ||   143
 Invoke: Donate Gold       |       |       |     1 |       ||     1
    Use: Scroll            |     4 |     6 |     5 |     1 ||    16
         Potion            |       |       |       |     1 ||     1
 Armour: Scale mail        |    66 |   146 |   259 |    63 ||   534
  Dodge: Dodged            |    55 |    88 |   153 |    31 ||   327
  Block: Buckler           |    19 |    38 |    75 |    13 ||   145
